 Dungeon Crawl Stone Soup version 0.23-a0-419-g0174fd80c1 (webtiles) character file.

55 Notair the Poker (level 3, -5/31 HPs)
             Began as a Minotaur Gladiator on Nov 13, 2018.
             Killed by nerve-wracking pain
             ... invoked by a shadow imp
             ... summoned by Natasha
              (10 damage)
             ... on level 2 of the Dungeon.
             The game lasted 00:02:48 (1626 turns).

Notair the Poker (Minotaur Gladiator)               Turns: 1626, Time: 00:02:50

Health: -5/31      AC:  5    Str: 18    XL:     3   Next: 67%
Magic:  2/2        EV: 12    Int:  6    God:
Gold:   70         SH:  0    Dex: 11    Spells: 2/2 levels left

rFire    . . .     SeeInvis .   j - +1 short sword (venom)
rCold    . . .     Gourm    .   (no shield)
rNeg     . . .     Faith    .   n - +0 ring mail
rPois    .         Spirit   .   c - +0 hat
rElec    .         Reflect  .   (no cloak)
rCorr    .         Harm     .   (no gloves)
MR       .....                  (no boots)
Stlth    +.........             (no amulet)
HPRegen  0.10/turn              (no ring)
MPRegen  0.08/turn              (no ring)

@: slowed, very slow
A: retaliatory headbutt, horns 2
a: no special abilities


You were on level 2 of the Dungeon.
You were not hungry.

You visited 1 branch of the dungeon, and saw 2 of its levels.

You collected 70 gold pieces.

Inventory:

Hand Weapons
 a - a +0 trident
 d - a +0 hunting sling
 j - a +1 short sword of venom (weapon)
Missiles
 b - 3 throwing nets
 h - 53 stones (quivered)
Armour
 c - a +0 hat (worn)
 n - a +0 ring mail (worn)
Scrolls
 i - 2 scrolls of identify {unknown}
 k - 3 scrolls of enchant weapon {unknown}
 m - a scroll of amnesia {unknown}
 o - a scroll of teleportation {unknown}
Potions
 e - 2 potions of curing {unknown}
 g - a potion of flight {unknown}
 l - a potion of agility {unknown}
Comestibles
 f - 4 rations


   Skills:
 + Level 3.2 Fighting
 * Level 4.8 Polearms
 - Level 2.0 Throwing
 + Level 1.8 Armour
 - Level 3.2 Dodging


You had 2 spell levels left.
You didn't know any spells.
Your spell library was empty.

Dungeon Overview and Level Annotations

Branches:
Dungeon (2/15)

Altars:

Annotations:
D:2 Natasha


Innate Abilities, Weirdness & Mutations

You reflexively headbutt those who attack you in melee.
You have a pair of horns on your head.


Message History

Natasha is severely wounded.
The shadow imp hits you but does no damage.
Natasha claws you.
* * * LOW HITPOINT WARNING * * *
The shadow imp closely misses you. You furiously retaliate!
You headbutt the shadow imp. You closely miss Natasha.
Natasha is severely wounded.
Natasha barely misses you.
The shadow imp hits you but does no damage.
Natasha misses you. The shadow imp barely misses you.
Unknown command.
You closely miss Natasha.
Natasha is almost dead.
Natasha claws you.
* * * LOW HITPOINT WARNING * * *
The shadow imp picks up a beetle and eats it.
The shadow imp gestures at you. Pain shoots through your body!
You die...

#...###........##.
#................#.# #.
....####.......#.#.# ...
#.#............#.#.##.#.
####..###...............
. #...............
###.............
#....†........
#.....@.......
#......h5.......
##.)..(.(.......
##..(..........
#.(.......(..#
#..##..#.##.#.% #.#
#....# .# . (. #.. .# #


You could see Natasha and a shadow imp.

Vanquished Creatures
  An adder (D:2)
  2 dart slugs (D:1)
  2 leopard geckos (D:1)
  5 bats
  7 goblins
  5 hobgoblins
  4 jackals (D:1)
  2 frilled lizards (D:1)
  6 kobolds
  3 rats (D:1)
37 creatures vanquished.

Notes
Turn   | Place    | Note
-------+----------+-------------------------------------------
     0 | D:1      | Notair the Minotaur Gladiator began the quest for the Orb.
     0 | D:1      | Reached XP level 1. HP: 18/18 MP: 0/0
   277 | D:1      | Reached skill level 4 in Polearms
   287 | D:1      | Reached XP level 2. HP: 25/25 MP: 1/1
   296 | D:1      | Reached skill level 1 in Armour
   709 | D:1      | Reached XP level 3. HP: 24/31 MP: 2/2
  1615 | D:2      | Noticed Natasha
  1626 | D:2      | Killed from afar by a shadow imp

Vault maps used:
D:1:      dpeg_arrival_central, st_stairs_10
D:2:      uniq_natasha

Skill      XL: |  1  2 |
---------------+-------+-----
Polearms       | 4 |  4.8
Armour         | 1 |  1.8
Fighting       | 3 |  3.2
Throwing       | |  2.0
Dodging        | |  3.2

Action                   || total
-------------------------++-------
Melee: Trident           ||    28
       Short sword       ||    40
       Headbutt          ||    11
 Fire: Hunting sling     ||    17
Throw: Stone             ||    16
       Throwing net      ||     1
 Stab: Held in net/web   ||     1
  Eat: Chunk             ||     2
Armor: Leather armour    ||    10
       Ring mail         ||     8
Dodge: Dodged            ||    62

Table legend:
 A = Non-vault XP
 B = Vault XP
 C = Vault XP percentage of total XP
 D = Non-vault monster count
 E = Vault monster count
 F = Vault count percentage of total count
                 A         B        C        D         E       F
            +---------+---------+-------+---------+---------+-------
      Total |      73 |       6 |   7.6 |      34 |       3 |   8.1
            +---------+---------+-------+---------+---------+-------
        D:1 |      48 |       6 |  11.1 |      25 |       3 |  10.7
        D:2 |      25 |       0 |   0.0 |       9 |       0 |   0.0
            +---------+---------+-------+---------+---------+-------
